 Dungeon Crawl Stone Soup version 0.26-a0-639-g72c4674329 (webtiles) character file.

Game seed: 17045683945041719512

946 PentaManta the Chopper (level 8, -3/61 HPs)
             Began as a Formicid Abyssal Knight on Sept 19, 2020.
             Was a Priest of Lugonu.
             Slain by an ogre
             ... wielding a +0 giant club
              (20 damage)
             ... on level 5 of the Dungeon.
             The game lasted 00:16:45 (7107 turns).

PentaManta the Chopper (Formicid Abyssal Knight)    Turns: 7107, Time: 00:16:46

Health: -3/61      AC:  8    Str: 18    XL:     8   Next: 35%
Magic:  9/9        EV:  7    Int: 13    God:    Lugonu [***...]
Gold:   398        SH:  0    Dex: 10    Spells: 7/7 levels left

rFire    . . .     SeeInvis +   v - +2 dagger (venom)
rCold    . . .     Faith    .   (no shield)
rNeg     . . .     Spirit   .   r - +0 chain mail
rPois    .         Reflect  .   (helmet unavailable)
rElec    .         Harm     .   (no cloak)
rCorr    .         Rampage  .   (no gloves)
MR       .....                  (no boots)
Stlth    ..........             (no amulet)
HPRegen  0.20/turn              (no ring)
MPRegen  0.11/turn              (no ring)

@: very heavily drained
A: permanent stasis, dig shafts and tunnels, four strong arms, antennae 3
a: Dig, Shaft Self, Depart the Abyss, Bend Space, Banish, Renounce Religion


You were on level 5 of the Dungeon.
You worshipped Lugonu.
Lugonu was most pleased with you.
You visited 1 branch of the dungeon, and saw 6 of its levels.
You visited the Abyss 1 time.

You collected 442 gold pieces.
You spent 44 gold pieces at shops.

Inventory:

Hand Weapons
 a - a +1 hand axe
 c - a +1 dagger of holy wrath
 l - a +0 hunting sling
 o - a +0 whip
 v - a +2 dagger of venom (weapon)
 C - a +0 war axe
 E - a +3 halberd
Missiles
 d - 2 throwing nets
 j - 45 poisoned darts
 m - 6 curare-tipped darts
 p - 113 stones (quivered)
 F - 23 sling bullets
 G - 7 atropa-tipped darts
Armour
 r - a +0 chain mail (worn)
 s - a +0 plate armour
Jewellery
 f - an uncursed ring of magical power {unknown}
 q - an uncursed ring of fire
 y - an uncursed ring of fire
Wands
 u - a wand of acid (5)
 w - a wand of random effects (15)
Scrolls
 g - 3 scrolls of remove curse
 h - a scroll of fear
 t - a scroll of magic mapping
 A - a scroll of enchant weapon {unknown}
 B - 2 scrolls of identify
Potions
 b - 2 potions of mutation
 e - 4 potions of heal wounds
 i - a potion of cancellation
 k - a potion of lignification
 n - a potion of degeneration {unknown}
 x - a potion of might {unknown}
 z - 2 potions of haste {unknown}
 D - a potion of flight {unknown}


   Skills:
 - Level 4.3(1.2) Fighting
 - Level 2.1(0.0) Short Blades
 + Level 7.7(4.2) Axes
 - Level 0.4(0.0) Slings
 - Level 3.9(0.8) Armour
 - Level 1.6(0.0) Dodging
 - Level 2.4(0.0) Invocations


You had 7 spell levels left.
You didn't know any spells.
Your spell library was empty.

Dungeon Overview and Level Annotations

Branches:
Dungeon (6/15)
 Temple: D:4-7

Altars:
Okawaru
Zin

Shops:
D:4 *


Innate Abilities, Weirdness & Mutations

You cannot be hasted, slowed, berserked, paralysed or teleported.
You can dig through walls and to a lower floor.
Your four strong arms can wield two-handed weapons with a shield.
You have a pair of large antennae on your head. (SInv)


Message History

A worker ant comes into view.
The worker ant twitches its antennae in your direction.
You hit the ogre.
The ogre is poisoned.
The ogre is lightly wounded.
The ogre hits you with a +0 giant club.
You hit the ogre.
The ogre looks even sicker.
The ogre is moderately wounded.
The ogre hits you with a +0 giant club!
You barely miss the ogre.
The ogre is moderately wounded.
You hit the ogre.
The ogre looks as sick as possible!
The ogre is moderately wounded.
The worker ant closely misses you.
The ogre hits you with a +0 giant club!!
* * * LOW HITPOINT WARNING * * *
You hit the ogre.
The ogre looks as sick as possible!
The ogre is heavily wounded.
The worker ant bites you but does no damage.
The ogre hits you with a +0 giant club!!
You die...

....######.....<........#.#...
. ....#
#..##....#............. ....#
...##....###........... ._...
......# #............ .....
.#.....###.#..##...... .....
..{.#.........##...... .#....
......................
..###.........#..... {{
#@....#.#.... { #.Oa#.##.#.###
#.....# .. #.. #..#### ... ?.
...# .# ....# ...... .....#


You could see an ogre (extremely poisoned) and a worker ant.

Vanquished Creatures
  A phantom (D:4)
  An ogre (D:4)
  A centaur (D:4)
  A scorpion (D:4)
  4 wights
  A bullfrog skeleton (D:3)
  A gnoll shaman (D:6)
  A hound (D:4)
  3 orc wizards
  Natasha (thrice) (D:4)
  3 gnolls
  A howler monkey skeleton (D:4)
  5 adders
  A white imp (D:3)
  An ooze (D:1)
  4 worms
  5 leopard geckos
  11 orcs
  6 bats
  6 giant cockroaches
  24 goblins
  12 hobgoblins
  2 quokkas
  16 frilled lizards
  8 kobolds
  A leopard gecko zombie (D:5)
  7 rats
130 creatures vanquished.

Vanquished Creatures (others)
  48 plants
  10 toadstools (D:6)
58 creatures vanquished.

Grand Total: 188 creatures vanquished

Notes
Turn   | Place    | Note
-------+----------+-------------------------------------------
     0 | Abyss:1  | PentaManta the Formicid Abyssal Knight began the quest for
                  | the Orb.
     0 | Abyss:1  | Reached XP level 1. HP: 18/18 MP: 2/2
    49 | Abyss:1  | Noticed a large abomination
    86 | Abyss:1  | Noticed an unseen horror
   116 | Abyss:2  | Noticed a quasit
   137 | D:1      | Escaped the Abyss
   393 | D:1      | Reached XP level 2. HP: 18/25 MP: 3/3
   442 | D:1      | Reached skill level 1 in Dodging
   447 | D:1      | Reached * piety under Lugonu
   895 | D:1      | Reached XP level 3. HP: 30/30 MP: 4/4
  1703 | D:2      | Reached skill level 1 in Short Blades
  1801 | D:2      | Reached XP level 4. HP: 33/37 MP: 5/5
  2745 | D:2      | Found an iron altar of Okawaru.
  2803 | D:2      | You fall into a shaft and drop 2 floors!
  2936 | D:2      | Reached ** piety under Lugonu
  3264 | D:2      | Reached XP level 5. HP: 35/42 MP: 6/6
  4345 | D:4      | Noticed Natasha
  4352 | D:4      | Killed Natasha
  4352 | D:4      | Reached XP level 6. HP: 39/49 MP: 7/7
  4466 | D:4      | Reached skill level 3 in Axes
  4469 | D:4      | Noticed Natasha
  4483 | D:4      | Killed Natasha
  4505 | D:4      | Noticed Natasha
  4512 | D:4      | Killed Natasha
  4714 | D:4      | Found Cuunedin's Assorted Antiques.
  4722 | D:4      | Bought a fuming golden potion for 22 gold pieces
  4722 | D:4      | Bought a brown potion for 22 gold pieces
  4733 | D:4      | Reached skill level 4 in Axes
  5174 | D:4      | Noticed an ogre
  5177 | D:4      | Reached *** piety under Lugonu
  5182 | D:4      | Killed an ogre
  5182 | D:4      | Reached XP level 7. HP: 55/55 MP: 8/8
  5203 | D:4      | Reached skill level 5 in Axes
  5270 | D:5      | Entered Level 5 of the Dungeon
  5309 | D:5      | HP: 2/55 [orc wizard/magic dart (8)]
  5934 | D:4      | Reached skill level 6 in Axes
  6156 | D:4      | Reached XP level 8. HP: 30/61 MP: 9/9
  6362 | D:5      | Found a glowing silver altar of Zin.
  6426 | D:6      | Reached skill level 7 in Axes
  7107 | D:5      | Slain by an ogre

Illustrated notes

Levels and vault maps discovered:
D:1:      dpeg_arrival_radiant, layout_loops_cross, kennysheep_boxes
D:2:      minmay_diamond_boxcup, layout_loops_corners,
          kennysheep_okawaru_gauntlet, minmay_lizard_king
D:3:      layout_loops_ring
D:4:      cheibrodos_greedy_goblins, layout_cave_pools, serial_shops, shop,
          chequers_mini_garden, minmay_ogre_servants, uniq_natasha
D:5:      layout_rooms, gammafunk_ghost_mausoleum, basic_altar,
          elyvilon_altar_4, uniq_crazy_yiuf_cottage
D:6:      cheibrodos_fertilizer, layout_cave_pools, serial_bayou,
          serial_bayou_shore_b, serial_bayou_pond_b, serial_bayou_lagoon_a,
          serial_bayou_lagoon_b, gammafunk_ghost_necromancy, serial_shops,
          nicolae_shop_crystal

Skill      XL: |  1  2  3  4  5  6  7  8 |
---------------+-------------------------+-----
Dodging        | 1 |  1.6
Fighting       | 4 |  4.3
Short Blades   | 1 2 |  2.1
Armour         | 3 |  3.9
Axes           | 4 6 7 |  7.7
Slings         | |  0.4
Invocations    | |  2.4

Action                   |  1- 3 |  4- 6 |  7- 9 || total
-------------------------+-------+-------+-------++-------
Melee: Dagger            |   200 |   320 |   189 ||   709
       Hand axe          |     7 |    20 |    29 ||    56
 Fire: Hunting sling     |       |    12 |       ||    12
Throw: Stone             |       |       |     6 ||     6
Invok: Depart the Abyss  |     1 |       |       ||     1
       Bend Space        |       |       |     1 ||     1
 Abil: Dig               |       |     1 |       ||     1
  Use: Scroll            |     9 |     5 |       ||    14
       Potion            |       |       |     1 ||     1
Armor: Leather armour    |    24 |       |       ||    24
       Scale mail        |    37 |   104 |    59 ||   200
       Chain mail        |       |       |    63 ||    63
Dodge: Dodged            |    89 |   134 |   128 ||   351

Table legend: (Time is in decaauts)
 A = Elapsed time spent in this place.
 B = Non-inter-level travel time spent in this place.
 C = Inter-level travel time spent in this place.
 D = Time resting spent in this place.
 E = Time spent auto-exploring this place.
 F = Levels seen in this place.
 G = Mean time per level.
                   A        B        C        D        E       F      G
               +--------+--------+--------+--------+--------+-----+--------+
         Total |   6928 |   6738 |    190 |   1939 |   3056 |   8 |  866.0 |
       Dungeon |   6791 |   6601 |    190 |   1939 |   3056 |   6 | 1131.8 |
         Abyss |    136 |    136 |      0 |      0 |      0 |   2 |   68.0 |
               +--------+--------+--------+--------+--------+-----+--------+

Top non-repeatable levels by time:
     D:2: 2021 daAuts
     D:4: 1609 daAuts
     D:1: 1017 daAuts
     D:3: 995 daAuts
     D:5: 611 daAuts
     D:6: 536 daAuts
 Abyss:1: 94 daAuts
 Abyss:2: 42 daAuts
